 Dungeon Crawl Stone Soup version 0.25-a0-164-gb55e97dba5 (webtiles) character file.

Game seed: 16422759711858866680, levelgen mode: deterministic

4 MisterFreud the Chiller (level 1, -1/9 HPs)
             Began as a Felid Wanderer on Nov 22, 2019.
             Slain by a hobgoblin (5 damage)
             ... on level 1 of the Dungeon.
             The game lasted 00:00:26 (146 turns).

MisterFreud the Chiller (Felid Wanderer)             Turns: 146, Time: 00:00:27

Health: -1/9       AC:  1    Str:  8    XL:     1   Next: 50%
Magic:  5/5        EV: 15    Int: 10    God:
Gold:   38         SH:  0    Dex: 18    Spells: 6/6 levels left
                                        Lives:  0   Deaths: 0

rFire    . . .     SeeInvis +   (weapon unavailable)
rCold    . . .     Gourm    .   (shield unavailable)
rNeg     . . .     Faith    .   (armour unavailable)
rPois    .         Spirit   .   (helmet unavailable)
rElec    .         Reflect  .   (cloak unavailable)
rCorr    .         Harm     .   (gloves unavailable)
MR       .....                  (boots unavailable)
Stlth    +++.......             (no amulet)
HPRegen  0.03/turn              (no ring)
MPRegen  0.09/turn              (no ring)

@: quick
A: very small, no armour, no weapons or thrown items, stealth, claws 1, fangs 3,
see invisible, carnivore, speed 1, shaggy fur 1, slow metabolism 1, sharp paws
a: no special abilities


You were on level 1 of the Dungeon.
You were not hungry.

You visited 1 branch of the dungeon, and saw 1 of its levels.

You collected 38 gold pieces.

Inventory:

Scrolls
 a - 2 scrolls of identify {unknown}
 c - 2 scrolls of teleportation
Comestibles
 d - a ration


   Skills:
 + Level 1.1 Fighting
 - Level 2.6 Stealth
 - Level 3.0 Spellcasting
   Level 1.5 Translocations
   Level 3.6 Ice Magic


You had 6 spell levels left.
You didn't know any spells.
Your spell library contained the following spells:

 Spells                   Type           Power        Failure   Level  Hunger
 Freeze                   Ice            #...         6%          1    #......
 Throw Frost              Conj/Ice       #.....       21%         2    ###....
 Flame Tongue             Conj/Fire      #....        28%         1    #......
 Ozocubu's Armour         Chrm/Ice       #.......     38%         3    ###....
 Ignite Poison            Fire/Tmut/Pois #.......     63%         3    ###....
 Summon Ice Beast         Ice/Summ       #.......     80%         4    #####..
 Throw Icicle             Conj/Ice       #.......     80%         4    #####..


Dungeon Overview and Level Annotations

Branches:
Dungeon (1/15)

Altars:


Innate Abilities, Weirdness & Mutations

You cannot wear armour.
You are incapable of wielding weapons or throwing items.
Your paws allow you to move quietly. (Stealth)
You have sharp claws.
You have razor-sharp teeth.
You have supernaturally acute eyesight. (SInv)
You are carnivorous and can eat meat at any time.
You cover ground quickly.
You are covered in fur. (AC +1)
You have a slow metabolism.
Your sharp claws are effective at attacking unaware monsters.


Message History

b - a chunk of flesh You see here a frilled lizard skeleton. x2
Eating a chunk of flesh.
You eat the chunk of flesh.
This raw flesh tastes great.
You see here a spear.
A hobgoblin comes into view.
The hobgoblin shouts!
You scratch the hobgoblin but do no damage.
The hobgoblin misses you.
You scratch the hobgoblin but do no damage.
The hobgoblin barely misses you.
You barely miss the hobgoblin. The hobgoblin hits you.
Ouch! That really hurt!
You are too injured to fight recklessly!
You are too injured to fight recklessly!
You are too injured to fight recklessly!
You are too injured to fight recklessly!
You closely miss the hobgoblin. The hobgoblin hits you.
Ouch! That really hurt!
You die...

..)# ##.# .#
#.# .# #.# .#
#.# .# #.# .#
#.# #. .#
#.#######
#.###g###
#.......#
#.#.@...#
#######.#
##.#.....# #.#
#.....$..#
#.###..>.....#
#.#.)........#
#.#....)###.##
#.#....รท# #.#
#.#.....# #.##
#.#.....#...##


You could see a hobgoblin.

Vanquished Creatures
  A hobgoblin (D:1)
  A frilled lizard (D:1)
  2 kobolds (D:1)
4 creatures vanquished.

Notes
Turn   | Place    | Note
-------+----------+-------------------------------------------
     0 | D:1      | MisterFreud the Felid Wanderer began the quest for the Orb.
     0 | D:1      | MisterFreud set off with the following items: a scroll of
                  | teleportation, a ration; and the following spells available
                  | to memorise: Freeze, Throw Frost, Flame Tongue, Ozocubu's
                  | Armour, Ignite Poison, Summon Ice Beast, Throw Icicle
     0 | D:1      | Reached XP level 1. HP: 7/7 MP: 5/5
   101 | D:1      | Reached skill level 1 in Fighting
   146 | D:1      | Slain by a hobgoblin

Levels and vault maps discovered:
D:1:      nzn_arrival_depleted_hourglass, layout_loops_ring

Skill      XL: |  1 |
---------------+----+-----
Fighting       | 1 |  1.1
Stealth        | |  2.6
Spellcasting   | |  3.0
Translocations | |  1.5
Ice Magic      | |  3.6

Action                   || total
-------------------------++-------
Melee: Unarmed           ||    11
       Bite              ||     1
 Stab: Sleeping          ||     3
  Eat: Chunk             ||     1
Dodge: Dodged            ||     6

Table legend:
 A = Non-vault XP
 B = Vault XP
 C = Vault XP percentage of total XP
 D = Non-vault monster count
 E = Vault monster count
 F = Vault count percentage of total count
                 A         B        C        D         E       F
            +---------+---------+-------+---------+---------+-------
      Total |       6 |       0 |   0.0 |       4 |       0 |   0.0
            +---------+---------+-------+---------+---------+-------
        D:1 |       6 |       0 |   0.0 |       4 |       0 |   0.0
            +---------+---------+-------+---------+---------+-------
